 Dungeon Crawl Stone Soup version 0.27.1-34-g3ba077fa99 (webtiles) character file.

Game seed: 8802366055627372800

97823 mcbry74 the Cleaver (level 15, -2/129 HPs)
             Began as a Minotaur Berserker on Jan 27, 2022.
             Was the Champion of Trog.
             Slain by a sixfirhy (4 damage)
             ... summoned by an orc high priest
             ... on level 2 of the Orcish Mines on Jan 28, 2022.
             The game lasted 02:15:11 (21301 turns).

mcbry74 the Cleaver (Minotaur Berserker)           Turns: 21301, Time: 02:15:12

Health: -2/129     AC: 16    Str: 26    XL:     15   Next: 73%
Magic:  14/14      EV: 12    Int:  8    God:    Trog [******]
Gold:   1698       SH: 12    Dex:  9    Spells: 14/14 levels left

rFire    + . .     SeeInvis .   a - +3 hand axe (venom)
rCold    + . .     Faith    .   T - +0 kite shield
rNeg     + . .     Spirit   .   x - +2 scale mail "Emiy" {-Cast rElec rF+ rC+}
rPois    .         Reflect  .   z - +0 hat
rElec    +         Harm     .   P - scarf {repulsion}
rCorr    .         Rampage  .   (no gloves)
Will     +++..     NoCast   +   t - +0 pair of boots
Stlth    ..........             s - amulet of regeneration
HPRegen  2.31/turn              D - +4 ring of protection
MPRegen  0.14/turn              I - ring of Gamicw {rN+ Str-3 Int+4 Slay+5}

@: strong-willed, regenerating, repel missiles
A: horns 2, retaliatory headbutt
a: Renounce Religion, Berserk, Trog's Hand, Brothers in Arms


You were on level 2 of the Orcish Mines.
You worshipped Trog.
Trog was exalted by your worship.
You visited 3 branches of the dungeon, and saw 20 of its levels.

You collected 1698 gold pieces.

Inventory:

Hand Weapons
 a - a +3 hand axe of venom (weapon)
 b - a +2 hunting sling of flaming
 r - a +3 mace
 A - the +7 great mace "Undeadhunter" {disrupt, rN+}
   (Trog gifted it to you on level 4 of the Lair of Beasts)

   It inflicts significantly more damage against the undead.
   rN:        It protects you from negative energy.
 R - a +5 war axe
 S - a +3 demon whip of flaming
Missiles
 l - 106 sling bullets
 E - 57 poisoned darts
 L - 2 javelins
 M - 15 boomerangs (quivered)
Armour
 d - a scarf of resistance
 t - a +0 pair of boots (worn)
 w - the +2 scale mail of Defiance {Slay+3}
   (You found it on level 11 of the Dungeon)

   Slay:      It affects your accuracy & damage with ranged weapons and melee
   (+3).
 x - the +2 scale mail "Emiy" (worn) {-Cast rElec rF+ rC+}
   (You took it off an orc on level 5 of the Dungeon)

   rF:        It protects you from fire.
   rC:        It protects you from cold.
   rElec:     It insulates you from electricity.
   -Cast:     It prevents spellcasting.
 z - a +0 hat (worn)
 K - the +1 troll leather armour of Kleptomania {Regen+ Int+3}
   (You took it off a skeletal warrior on level 11 of the Dungeon)

   Int:       It affects your intelligence (+3).
   Regen:     It increases your rate of health regeneration.
 P - a scarf of repulsion (worn)
 T - a +0 kite shield (worn)
Jewellery
 f - a ring of resist corrosion
 i - a ring of flight
 j - a +4 ring of evasion
 m - a ring of positive energy
 p - a ring of willpower
 s - an amulet of regeneration (around neck)
 y - a ring of poison resistance
 D - a +4 ring of protection (left hand)
 I - the ring of Gamicw (right hand) {rN+ Str-3 Int+4 Slay+5}
   (You found it on level 7 of the Dungeon)

   [ring of positive energy]

   Str:       It affects your strength (-3).
   Int:       It affects your intelligence (+4).
   Slay:      It affects your accuracy & damage with ranged weapons and melee
   (+5).
   rN:        It protects you from negative energy.
Wands
 B - a wand of iceblast (19)
 G - a wand of mindburst (8)
 N - a wand of polymorph (28)
 O - a wand of charming (8)
Scrolls
 c - 3 scrolls of identify
 k - 5 scrolls of enchant weapon
 n - 5 scrolls of fear
 o - a scroll of silence
 q - a scroll of enchant armour
 F - 3 scrolls of teleportation
 J - a scroll of summoning
Potions
 e - 2 potions of might
 g - 10 potions of curing
 h - 5 potions of flight
 u - a potion of heal wounds
 H - 2 potions of lignification
 Q - a potion of haste
 V - a potion of berserk rage
Miscellaneous
 v - a lightning rod (4/4)
 C - a tin of tremorstones (2/2)


   Skills:
 + Level 11.0 Fighting
 + Level 13.8(15.6) Axes
 + Level 12.9(15.2) Maces & Flails
 - Level 7.5(10.3) Slings
 + Level 10.1(10.9) Throwing
 + Level 11.7 Armour
 + Level 10.5 Dodging
 - Level 1.0 Stealth
 + Level 11.1 Shields
 + Level 8.9 Evocations


You had 14 spell levels left.
You didn't know any spells.
Your spell library was empty.

Dungeon Overview and Level Annotations

Branches:
Dungeon (12/15)            Temple (0/1) D:6            Lair (6/6) D:9
  Swamp (0/4) Lair:2       Spider (0/4) Lair:2        Slime (0/5) Lair:5
    Orc (2/2) D:12
    Elf: Orc:2

Altars:
Ashenzari
Cheibriados
Dithmenos
Elyvilon
Gozag
Kikubaaqudgha
Makhleb
Okawaru
Ru
Sif Muna
Trog
Uskayaw
Wu Jian
Beogh
Jiyva
Lugonu

Shops:
D:4 *

Portals:
Abyss: Lair:6

Annotations:
D:10 exclusion: orange crystal statue
Lair:4 exclusion: oklob plant


Innate Abilities, Weirdness & Mutations

You have a pair of horns on your head.
You reflexively headbutt those who attack you in melee.


Message History

The orc sorcerer is almost dead.
You hit the orc knight.
The orc knight is poisoned.
The orc sorcerer mumbles some strange words.
You slice the orc sorcerer!!
You kill the orc sorcerer!
Trog accepts your kill.
Trog appreciates your killing of a magic user.
The rust devil disappears in a puff of smoke!
You closely miss the orc knight.
The orc knight hits you with a +0 great mace!!!
The orc high priest calls upon Beogh to heal the orc knight.
The orc knight is healed somewhat.
You hear a shout!
You slash the orc knight!
The orc knight looks as sick as possible!
The orc knight is lightly wounded.
You hit the orc warrior but do no damage.
The orc warrior is poisoned.
The orc knight hits you with a +0 great mace!!!
* * * LOW HITPOINT WARNING * * *
The orc high priest hits you from afar with a +0 halberd!
* * * LOW HITPOINT WARNING * * *
The orc warrior no longer looks unusually strong.
The orc warrior no longer looks unusually strong.
The orc warrior throws a boomerang.
The boomerang hits you but does no damage.
The sixfirhy closely misses you.
The orc high priest no longer looks unusually strong.
The orc knight no longer looks unusually strong.
Things that are here:
a +0 club; a +0 leather armour The orc high priest no longer looks unusually strong.
The sixfirhy hits you!
* * * LOW HITPOINT WARNING * * *
The sixfirhy shocks you. You resist.
* * * LOW HITPOINT WARNING * * *
You block the sixfirhy's attack. The sixfirhy hits you!
* * * LOW HITPOINT WARNING * * *
The sixfirhy shocks you. You resist.
You die...

..÷..##..).#....#..
...... ..o. ##4o.##....##
...... ..)
#....#.....##......... ÷÷
##.......)......)....## .
#...o))#.............#
#...o...[........$...#
#.....o.............#
#.....o.3)..........#
#.........@...........#
............)).)......#
#...#.........).[))....##
#..###..........)<).....#
.. #...................#
.......##............#
##.##................# ##
##..............##
#................#


You could see an orc knight (very poisoned), 2 orc high priests, a sixfirhy
(summoned) and 2 orc warriors.

Vanquished Creatures
  Gastronok (D:11)
  A quicksilver ooze (shapeshifter) (D:11)
  12 hydras
  A catoblepas (D:11)
  A centaur warrior (D:11)
  4 two-headed ogres
  10 death yaks
  3 thrashing horrors (Lair:6)
  A skeletal warrior (D:11)
  3 orc knights
  2 wolf spiders (Lair:4)
  5 oklob plants (Lair:4)
  An ugly thing (Lair:6)
  An orc sorcerer (Orc:2)
  4 cyclopes
  3 manticores
  An elephant (shapeshifter) (Lair:6)
  21 elephants
  8 black mambas
  A torpor snail (Lair:6)
  2 gargoyles
  15 cane toads
  5 rime drakes
  An unseen horror (D:12)
  3 smoke demons (Lair:6)
  11 komodo dragons
  Maggie (D:6)
  3 kobold demonologists
  7 trolls
  A queen bee (Lair:1)
  An ancient zyme (Lair:6)
  The ghost of Panino the Skirmisher, an amateur DrTm of Gozag (D:5)
  A meliai (shapeshifter) (Lair:6)
  2 tyrant leeches (Lair:2)
  22 blink frogs
  A polar bear (Lair:2)
  3 hornets
  2 slime creatures
  26 dream sheep
  A meliai zombie (D:11)
  2 spriggans (Lair:6)
  2 large abominations (Lair:6)
  13 wyverns
  2 ynoxinuls (Lair:6)
  2 wraiths
  A human (shapeshifter) (Lair:6)
  6 steam dragons
  10 small abominations (Lair:6)
  12 basilisks
  82 yaks
  A warg (Orc:1)
  Menkaure (D:6)
  A swamp worm (Lair:2)
  2 acid dragons
  9 water moccasins
  2 ice beasts
  2 sky beasts (D:5)
  17 orc warriors
  55 wolves
  A necrophage (D:6)
  3 centaurs
  7 ogres
  2 phantoms (D:5)
  2 kobold brigands (D:9)
  12 bullfrogs
  3 scorpions
  A wyvern zombie (D:6)
  A gnoll sergeant (D:11)
  A wyvern skeleton (D:7)
  2 water moccasin skeletons (D:4)
  24 killer bees (Lair:1)
  5 wights (D:10)
  A howler monkey (D:11)
  A crimson imp (D:8)
  2 gnoll shamans
  5 centaur zombies
  18 orc priests
  3 jellies (D:6)
  3 centaur skeletons
  2 iguanas
  Jessica (D:2)
  Terence (D:2)
  13 hell rats
  25 orc wizards
  A killer bee zombie (D:7)
  A hound zombie (D:5)
  A howler monkey zombie (D:9)
  12 gnolls
  An adder (shapeshifter) (Lair:6)
  12 adders
  A white imp (D:6)
  2 worms
  2 dart slugs (D:1)
  63 orcs
  2 bats
  14 endoplasms
  3 giant cockroaches (D:1)
  10 goblins
  8 hobgoblins
  8 jackals
  23 kobolds
  2 quokkas
  7 ball pythons
  6 frilled lizards
  2 rats
  A bush (Lair:5)
736 creatures vanquished.

Vanquished Creatures (collateral kills)
  2 rime drakes (Lair:6)
  2 wyverns (Lair:6)
  A basilisk (Lair:6)
  A hell hound (Lair:6)
6 creatures vanquished.

Vanquished Creatures (others)
  An orc (Orc:2)
  A kobold (D:9)
  2 bushes (Lair:6)
  54 fungi
  84 plants
  6 toadstools (D:6)
148 creatures vanquished.

Grand Total: 890 creatures vanquished

Notes
Turn   | Place    | Note
-------+----------+-------------------------------------------
     0 | D:1      | mcbry74 the Minotaur Berserker began the quest for the Orb.
     0 | D:1      | Reached XP level 1. HP: 19/19 MP: 0/0
   398 | D:1      | Reached skill level 4 in Axes
   416 | D:1      | Reached XP level 2. HP: 27/27 MP: 1/1
   876 | D:1      | Reached ** piety under Trog
   877 | D:1      | Reached XP level 3. HP: 32/33 MP: 2/2
   896 | D:1      | Found a faded altar of an unknown god.
  1683 | D:2      | Reached XP level 4. HP: 21/41 MP: 3/3
  2024 | D:2      | Noticed Jessica
  2038 | D:2      | Killed Jessica
  2039 | D:2      | Reached skill level 5 in Axes
  2113 | D:2      | Noticed Terence
  2126 | D:2      | Killed Terence
  2433 | D:3      | Found an ornate altar of the Wu Jian Council.
  2573 | D:3      | Reached *** piety under Trog
  2575 | D:3      | Reached skill level 5 in Fighting
  2785 | D:3      | Reached XP level 5. HP: 45/48 MP: 4/4
  3171 | D:4      | Noticed an ogre
  3186 | D:4      | Killed an ogre
  3187 | D:4      | Reached skill level 6 in Axes
  3256 | D:4      | Found a sacrificial altar of Ru.
  3268 | D:4      | Reached skill level 1 in Stealth
  3268 | D:4      | Reached XP level 6. HP: 55/56 MP: 5/5
  3280 | D:4      | Reached skill level 1 in Maces & Flails
  3558 | D:4      | Found Ugiwoeng's Gadget Gallery.
  3567 | D:4      | Reached skill level 7 in Axes
  3660 | D:4      | Reached XP level 7. HP: 56/61 MP: 6/6
  4104 | D:5      | Entered Level 5 of the Dungeon
  4143 | D:5      | Reached skill level 1 in Slings
  4262 | D:5      | Reached **** piety under Trog
  4323 | D:5      | Found a runed translucent gate.
  4337 | D:5      | Found a runed translucent gate.
  4338 | D:5      | Found a runed translucent gate.
  4338 | D:5      | Noticed Panino's ghost (amateur DrTm)
  4338 | D:5      | Identified the +3 spear "Elautt" {vorpal, rElec Stlth+}
  4338 | D:5      | Identified the +2 scale mail "Emiy" {-Cast rElec rF+ rC+}
  4377 | D:5      | Reached skill level 8 in Axes
  4439 | D:5      | Reached skill level 5 in Maces & Flails
  4444 | D:5      | Reached XP level 8. HP: 66/69 MP: 7/7
  4459 | D:5      | Killed Panino's ghost
  5151 | D:5      | Reached skill level 9 in Axes
  5210 | D:6      | Noticed Maggie
  5221 | D:6      | Killed Maggie
  5222 | D:6      | Reached skill level 5 in Slings
  5351 | D:6      | Reached XP level 9. HP: 74/74 MP: 8/8
  5501 | D:6      | Found a snail-covered altar of Cheibriados.
  5502 | D:6      | Found a shadowy altar of Dithmenos.
  5529 | D:6      | Found a white marble altar of Elyvilon.
  5579 | D:6      | Noticed Menkaure
  5602 | D:6      | Killed Menkaure
  5902 | D:6      | Found a broken altar of Ashenzari.
  6010 | D:6      | Reached skill level 10 in Axes
  6215 | D:6      | Found a staircase to the Ecumenical Temple.
  6215 | D:6      | Noticed a gargoyle
  6229 | D:6      | Killed a gargoyle
  6496 | D:7      | Found a shimmering blue altar of Sif Muna.
  6625 | D:7      | Reached ***** piety under Trog
  6670 | D:7      | Found a hide-covered altar of Uskayaw.
  6699 | D:7      | Identified the ring of Gamicw {rN+ Str-3 Int+4 Slay+5}
  6780 | D:7      | Reached skill level 11 in Axes
  7043 | D:8      | Reached XP level 10. HP: 78/81 MP: 9/9
  7103 | D:8      | Reached skill level 1 in Throwing
  7299 | D:8      | Found a bloodstained altar of Trog.
  7330 | D:8      | Found an opulent altar of Gozag.
  7539 | D:8      | Reached skill level 10 in Maces & Flails
  7842 | D:8      | Found a burning altar of Makhleb.
  8043 | D:9      | Found an iron altar of Okawaru.
  8101 | D:9      | Reached skill level 1 in Evocations
  8302 | D:9      | Noticed a rust devil
  8311 | D:9      | Received a gift from Trog
  8312 | D:9      | Reached skill level 12 in Axes
  8431 | D:9      | Reached XP level 11. HP: 60/88 MP: 10/10
  8465 | D:9      | Found a staircase to the Lair.
  8625 | D:10     | Entered Level 10 of the Dungeon
  8687 | D:10     | Found an ancient bone altar of Kikubaaqudgha.
  8736 | D:10     | Noticed an orange crystal statue
  9557 | D:11     | Noticed a four-headed hydra
  9591 | D:11     | Killed a four-headed hydra
  9806 | D:11     | Noticed Gastronok
  9840 | D:11     | Killed Gastronok
  9841 | D:11     | Reached skill level 5 in Armour
  9841 | D:11     | Reached skill level 5 in Dodging
  9927 | D:11     | Reached skill level 1 in Shields
  9933 | D:11     | Reached skill level 5 in Throwing
 10237 | D:11     | Identified the +1 troll leather armour of Kleptomania
                  | {Regen+ Int+3}
 10237 | D:11     | Noticed a skeletal warrior
 10690 | Lair:1   | Entered Level 1 of the Lair of Beasts
 10780 | Lair:1   | Noticed a four-headed hydra
 10807 | Lair:1   | Killed a four-headed hydra
 10808 | Lair:1   | Reached XP level 12. HP: 36/94 MP: 11/11
 11164 | Lair:1   | Reached skill level 5 in Shields
 11862 | Lair:2   | Reached skill level 5 in Evocations
 11873 | Lair:2   | Received a gift from Trog
 12138 | Lair:2   | Noticed a seven-headed hydra
 12148 | Lair:2   | Killed a seven-headed hydra
 12810 | Lair:2   | Noticed a five-headed hydra
 12810 | Lair:2   | Noticed a six-headed hydra
 12917 | Lair:2   | Killed a five-headed hydra
 12938 | Lair:2   | Killed a six-headed hydra
 12956 | Lair:2   | Found a hole to the Spider Nest.
 13006 | Lair:2   | Found a staircase to the Swamp.
 13311 | Lair:3   | Reached XP level 13. HP: 105/105 MP: 12/12
 14685 | Lair:4   | You fall into a shaft and drop 2 floors!
 14685 | Lair:6   | Entered Level 6 of the Lair of Beasts
 14930 | Lair:4   | Reached XP level 14. HP: 102/116 MP: 13/13
 15048 | Lair:4   | Received a gift from Trog
 15049 | Lair:4   | Found the +7 great mace "Undeadhunter" {disrupt, rN+}
 15091 | Lair:4   | Reached skill level 10 in Armour
 15637 | Lair:4   | Identified the +0 plate armour "Earthly Heaven" {Str+3}
 16432 | Lair:5   | Found a viscous altar of Jiyva.
 16432 | Lair:5   | Found a staircase to the Slime Pits.
 17202 | Lair:5   | Reached skill level 13 in Axes
 17246 | Lair:5   | Reached skill level 10 in Shields
 17360 | Lair:5   | Reached skill level 10 in Fighting
 18026 | Lair:5   | Reached XP level 15. HP: 90/126 MP: 14/14
 18175 | Lair:6   | Reached skill level 10 in Dodging
 18957 | Lair:6   | Reached ****** piety under Trog
 19031 | Lair:6   | Found a corrupted altar of Lugonu.
 19032 | Lair:6   | Found a one-way gate to the infinite horrors of the Abyss.
 19773 | D:11     | Identified the +2 scale mail of Defiance {Slay+3}
 20077 | D:12     | Found a staircase to the Orcish Mines.
 20495 | D:12     | Reached skill level 10 in Throwing
 20656 | Orc:1    | Entered Level 1 of the Orcish Mines
 20833 | Orc:1    | Received a gift from Trog
 21044 | Orc:2    | Entered Level 2 of the Orcish Mines
 21291 | Orc:2    | HP: 2/129 [orc high priest (13)]
 21301 | Orc:2    | HP: 2/129 [sixfirhy[an orc high priest] (10)]
 21301 | Orc:2    | Slain by a sixfirhy

Illustrated notes

Levels and vault maps discovered:
D:1:      doesnt_arrival_eight_statues, layout_basic, basic_ecumenical_altar
D:2:      layout_basic, st_stairs_1, chequers_serial_rivers_small_3,
          uniq_jessica, uniq_terence
D:3:      layout_basic, pdpol_wu_jian_five_deadly_venoms
D:4:      layout_loops_ring, nicolae_ru_great_annihilating_truth,
          nicolae_shop_gadgets
D:5:      layout_loops_ring, biasface_ghost_orc_armoury,
          minmay_stone_trees_medium
D:6:      cheibrodos_fertilizer, layout_loops_ring, kennysheep_mini_moat,
          gammafunk_temple_overflow_forgotten, temple_hall, uniq_maggie,
          uniq_menkaure
D:7:      lemuel_ice_spiral_2, layout_rooms, mainiacjoe_overflow_tiny_flanked,
          nicolae_sif_muna_condensation, minmay_misc_feat_rows, st_stairs_12
D:8:      layout_loops_corners, mainiacjoe_overflow_two_lobes,
          makhleb_grotto_becter, skrybe_limestone_x
D:9:      layout_roguey, kennysheep_mini, lair_entry_dummy
D:10:     layout_layer_cave, mainiacjoe_overflow_alcove_2, minivault_16
D:11:     minmay_the_grid_triangle_9x9_recursive_2
          [minmay_the_grid_triangle_9x9_prize_schism,
          minmay_the_grid_triangle_9x9_wacky_v,
          minmay_the_grid_triangle_9x9_sprig,
          minmay_the_grid_triangle_9x9_pentomino_pain], layout_long_grid,
          minivault_21, uniq_gastronok
D:12:     layout_cave_pools
Lair:1:   layout_roguey [special_room_bee], wad_woods_river_04
Lair:2:   layout_cave_pods, palyth_hydra_swamp_entry, dummy_spider_entry,
          grunt_megastairs_1
Lair:3:   layout_roguey
Lair:4:   minmay_lair_venomous_thicket, layout_concentric_octagons,
          minivault_11, grunt_forest_large_clearings, lemuel_fruit_fields,
          minmay_lair_oklob_chamber, infiniplex_staircase_pool_2,
          lemuel_fruit_fields
Lair:5:   layout_cellular_growth, dpeg_slime_entry_enclosed_altar
Lair:6:   hellmonk_lair_end_abyssal_woods, layout_long_grid, special_room
          [special_room_mythical_zoo], grunt_megastairs_3, lemuel_fruit_tree,
          lemuel_fruit_fields
Orc:1:    layout_diamond_mine, basic_altar
Orc:2:    grunt_orc_tribal_feast, layout_caves

Skill      XL: |  1  2  3  4  5  6  7  8  9 10 11 12 13 14 15 |
---------------+----------------------------------------------+-----
Axes           | 4 5 6 7 8 9 11 12 13 | 13.8
Fighting       | 4 5 7 8 10 11 | 11.0
Dodging        | 3 4 5 7 8 9 10 | 10.5
Stealth        | 1 |  1.0
Maces & Flails | 3 5 7 9 10 11 12 | 12.9
Slings         | 2 5 7 |  7.5
Throwing       | 3 5 7 8 9 10 | 10.1
Armour         | 3 6 8 9 11 | 11.7
Evocations     | 2 4 5 7 8 |  8.9
Shields        | 3 7 9 10 11 | 11.1

Action                   |  1- 3 |  4- 6 |  7- 9 | 10-12 | 13-15 || total
-------------------------+-------+-------+-------+-------+-------++-------
Melee: Hand axe          |    83 |    77 |   199 |   468 |  1148 ||  1975
       Headbutt          |     7 |    18 |    44 |   122 |   315 ||   506
       Mace              |       |       |       |    33 |    25 ||    58
       War axe           |       |       |       |       |    67 ||    67
       Great mace        |       |       |       |       |    10 ||    10
 Fire: Hunting sling     |       |       |   104 |    41 |    11 ||   156
Throw: Dart              |       |       |    26 |    12 |     8 ||    46
       Boomerang         |       |       |       |    17 |    81 ||    98
Invok: Trog's Hand       |       |       |     2 |     6 |    15 ||    23
       Brothers in Arms  |       |       |       |     1 |     2 ||     3
       Berserk           |       |       |       |     1 |     3 ||     4
Evoke: Wand              |       |       |       |       |     8 ||     8
       Lightning rod     |       |       |       |       |     1 ||     1
  Use: Scroll            |       |       |       |    11 |    14 ||    25
       Potion            |       |       |       |     2 |       ||     2
 Stab: Paralysed         |       |     1 |       |       |       ||     1
Armor: Animal skin       |    14 |     6 |     8 |       |       ||    28
       Scale mail        |       |       |    44 |   153 |   386 ||   583
Dodge: Dodged            |    47 |    51 |   104 |   163 |   447 ||   812
Block: Kite shield       |       |       |       |   156 |   518 ||   674
